[Event "*** SCC Grand Prix: Titled Tuesday Blitz"]
[Site "Chess.com"]
[Date "2020.06.02"]
[Round "2"]
[White "kikydu96"]
[Black "mr65"]
[Result "1-0"]
[WhiteElo "2404"]
[BlackElo "2155"]
[TimeControl "180+1"]
[EndTime "10:14:18 PDT"]
[Termination "kikydu96 won by resignation"]

1. e4 e5 2. Nf3 Nc6 3. Bc4 Nf6 4. d3 Bc5 5. O-O O-O 6. a4 d5 7. exd5 Nxd5 8. Re1 Nb6 9. Bb3 Bd6 10. Bg5 Qe8 11. a5 Nd7 12. Nc3 Kh8 13. Ne4 f6 14. Be3 Nc5 15. Bxc5 Bxc5 16. Nxc5 Qg6 17. Be6 Bxe6 18.
Nxe6 Qf7 19. Nxf8 1-0

[Event "*** SCC Grand Prix: Titled Tuesday Blitz"]
[Site "Chess.com"]
[Date "2020.06.02"]
[Round "2"]
[White "Kavyev_Ruslan"]
[Black "GM_Levan_Pantsulaia"]
[Result "0-1"]
[WhiteElo "2541"]
[BlackElo "2842"]
[TimeControl "180+1"]
[EndTime "10:14:19 PDT"]
[Termination "GM_Levan_Pantsulaia won by resignation"]

1. d4 Nf6 2. c4 c5 3. d5 e6 4.
Nc3 exd5 5. cxd5 d6 6. Nf3 g6 7.
Nd2 a6 8. a4 Nbd7 9. e4 Bg7 10.
Be2 O-O 11. O-O Re8 12. f4 c4 13. Bxc4 Nc5 14. Re1 Ng4 15. Nf3 Qb6 16. a5 Qa7 17. Kf1 Nxe4 18. Nxe4 Rxe4 19. Nd4 Nxh2+ 20. Kg1 Qxd4+ 21.
Qxd4 Bxd4+ 22. Kxh2 Rxe1 0-1

[Event "*** SCC Grand Prix: Titled Tuesday Blitz"]
[Site "Chess.com"]
[Date "2020.06.02"]
[Round "2"]
[White "CrushingKings"]
[Black "Pintacara"]
[Result "1-0"]
[WhiteElo "2495"]
[BlackElo "2270"]
[TimeControl "180+1"]
[EndTime "10:14:23 PDT"]
[Termination "CrushingKings won by resignation"]

1. e4 c5 2. d4 cxd4 3. c3 dxc3 4.
Nxc3 a6 5. Nf3 g6 6. Bc4 d6 7. O-O Bg7 8. e5 Nc6 9. exd6 Qxd6 10. Qb3 e6 11. Ne4 Qb4 12. Qd3 Nf6 13. a3 Qe7 14. Nd6+ Kf8 15. Be3 Nd7 16. Rad1 h6 17. Nxc8 Rxc8 18.
Qxd7 b5 19. Qxc8+ 1-0

[Event "*** SCC Grand Prix: Titled Tuesday Blitz"]
[Site "Chess.com"]
[Date "2020.06.02"]
[Round "2"]
[White "pavelalexandru07"]
[Black "51616516516"]
[Result "0-1"]
[WhiteElo "2104"]
[BlackElo "2386"]
[TimeControl "180+1"]
[EndTime "10:14:25 PDT"]
[Termination "51616516516 won by resignation"]

1. e4 c5 2. Nf3 g6 3. d4 cxd4 4. Nxd4 Nc6 5. c4 Nf6 6. Nc3 d6 7. Be2 Bg7 8. Be3 O-O 9. O-O Bd7 10. Qd2 Nxd4 11. Bxd4 Bc6 12. f3 a5 13. b3 Nd7 14. Be3 Nc5 15. Rab1 Qb6 16. Rfc1 Rfc8 17. Qe1 Qb4 18. Bd2 Bd4+ 19. Kh1 Qb6 20. Bd1 Nd3 21. Qe2 Nf2+ 0-1

[Event "*** SCC Grand Prix: Titled Tuesday Blitz"]
[Site "Chess.com"]
[Date "2020.06.02"]
[Round "2"]
[White "Kaua18"]
[Black "FlightsOfFancy"]
[Result "1-0"]
[WhiteElo "2339"]
[BlackElo "1820"]
[TimeControl "180+1"]
[EndTime "10:14:25 PDT"]
[Termination "Kaua18 won by resignation"]

1. e4 Nf6 2. e5 Nd5 3. d4 d6 4. c4 Nb6 5. exd6 cxd6 6. Nc3 g6 7. h3 Bg7 8. Nf3 O-O 9. Be3 Nc6 10. Be2 Bf5 11. Qd2 d5 12. g4 Be4 13. c5 Bxf3 14. Bxf3 Nc4 15. Qe2 Nxd4 16. Bxd4 Bxd4 17. Nxd5 Nxb2 18.
O-O Bxc5 19. Qxb2 e6 20. Nf6+ 1-0

[Event "*** SCC Grand Prix: Titled Tuesday Blitz"]
[Site "Chess.com"]
[Date "2020.06.02"]
[Round "2"]
[White "Parhamov"]
[Black "anastasiyakarlovych"]
[Result "1-0"]
[WhiteElo "3077"]
[BlackElo "1850"]
[TimeControl "180+1"]
[EndTime "10:14:26 PDT"]
[Termination "Parhamov won by resignation"]

1. e4 e5 2. Nf3 Nc6 3. Bb5 a6 4. Ba4 d6 5. c3 Bd7 6. d4 Nge7 7. O-O Ng6 8. Re1 Be7 9. Be3 b5 10.
Bc2 h6 11. Nbd2 Bg5 12. Nf1 Qf6 13. h3 Bxe3 14. fxe3 Nh4 15. N1h2 O-O 16. Rf1 Nxf3+ 17. Nxf3 Qe7 18. Rf2 Rad8 19. Qd2 Bc8 20. Raf1 Bb7 21.
b4 Nb8 22. Qe2 Nd7 23. Nd2 Qe6 24. Bb3 Qe7 25. Rxf7 Rxf7 26. Rxf7 Qxf7 27. Bxf7+ Kxf7 28. d5 Nf6 29. c4 c6 30. Nb3 bxc4 31. Na5 cxd5 32.
Nxb7 dxe4 33. Nxd8+ 1-0

[Event "*** SCC Grand Prix: Titled Tuesday Blitz"]
[Site "Chess.com"]
[Date "2020.06.02"]
[Round "2"]
[White "vitnik2020"]
[Black "RaunakSadhwani2005"]
[Result "0-1"]
[WhiteElo "2332"]
[BlackElo "2878"]
[TimeControl "180+1"]
[EndTime "10:14:30 PDT"]
[Termination "RaunakSadhwani2005 won by resignation"]

1. e4 c6 2. d4 d5 3. e5 Bf5 4. c4 e6 5. Nc3 Ne7 6. a3 Nd7 7. c5 h6 8. b4 Bh7 9. Nf3 Nf5 10. Bd3 Be7 11. O-O h5 12. b5 g5 13.
bxc6 bxc6 14. Ne2 g4 15. Ne1 h4 16. f3 g3 17. hxg3 Nxg3 18. Nxg3 hxg3 19. Bf4 Bxc5 20.
dxc5 Bxd3 21. Nxd3 Rh1+ 0-1

[Event "*** SCC Grand Prix: Titled Tuesday Blitz"]
[Site "Chess.com"]
[Date "2020.06.02"]
[Round "2"]
[White "MFguimaraes"]
[Black "AlphaHero0"]
[Result "1-0"]
[WhiteElo "2412"]
[BlackElo "2157"]
[TimeControl "180+1"]
[EndTime "10:14:34 PDT"]
[Termination "MFguimaraes won by resignation"]

1. e4 Nc6 2. d4 e5 3. Nf3 exd4 4. Nxd4 Nf6 5. Nc3 Bb4 6. Nxc6 bxc6 7. Bd3 d5 8. exd5 cxd5 9. O-O O-O 10. Bg5 c6 11. Qf3 Bxc3 12. bxc3 h6 13. Bxf6 Qxf6 14. Qxf6 gxf6 15. Rfe1 Be6 16. Rab1 Rab8 17. Rb3 c5 18. Reb1 Ra8 19. Rb7 c4 20. Be2 a5 21. Bf3 Kg7 22. h3 f5 23. g3 Rfd8 24. R1b6 Kf6 25. Bh5 Rg8 26. Bxf7 1-0

[Event "*** SCC Grand Prix: Titled Tuesday Blitz"]
[Site "Chess.com"]
[Date "2020.06.02"]
[Round "2"]
[White "GMHess"]
[Black "BLITZMASTER"]
[Result "0-1"]
[WhiteElo "2721"]
[BlackElo "2514"]
[TimeControl "180+1"]
[EndTime "10:14:36 PDT"]
[Termination "BLITZMASTER won by resignation"]

1. d4 Nf6 2. c4 c5 3. d5 b5 4.
cxb5 a6 5. bxa6 g6 6. g3 d6 7. Bg2 Bxa6 8. Nc3 Nbd7 9. Nf3 Bg7 10. O-O Nb6 11. Qc2 Nbxd5 12. Ng5 Nxc3 13. bxc3 O-O 14. Bxa8 Qxa8 15. Re1 h6 16. Nf3 Ne4 17. Qxe4 Qxe4 0-1

[Event "*** SCC Grand Prix: Titled Tuesday Blitz"]
[Site "Chess.com"]
[Date "2020.06.02"]
[Round "2"]
[White "MarcoRiehle"]
[Black "Ali-Farahat"]
[Result "0-1"]
[WhiteElo "2631"]
[BlackElo "2358"]
[TimeControl "180+1"]
[EndTime "10:14:40 PDT"]
[Termination "Ali-Farahat won by checkmate"]

1. e4 e5 2. Nf3 Nc6 3. Bc4 Bc5 4. O-O Nf6 5. d4 exd4 6. e5 d5 7. exf6 dxc4 8. fxg7 Rg8 9. Re1+ Be6 10. Bg5 Be7 11.
Bxe7 Qxe7 12. Nxd4 Rd8 13. c3 Rxg7 14. Na3 Nxd4 15.
cxd4 Kd7 16. d5 Kc8 17. Qa4 Rxg2+ 18. Kxg2 Rg8+ 19. Kf3 Bxd5+ 20. Kf4 Qg5# 0-1

[Event "*** SCC Grand Prix: Titled Tuesday Blitz"]
[Site "Chess.com"]
[Date "2020.06.02"]
[Round "2"]
[White "Happy1712Drummer"]
[Black "secretsuperstar7"]
[Result "1-0"]
[WhiteElo "2438"]
[BlackElo "2214"]
[TimeControl "180+1"]
[EndTime "10:14:40 PDT"]
[Termination "Happy1712Drummer won by resignation"]

1. Nf3 d5 2. d4 Nf6 3. c4 e6 4.
Nc3 Bb4 5. cxd5 exd5 6. Bg5 h6 7.
Bxf6 Qxf6 8. Rc1 O-O 9. e3 c6 10. Be2 Bf5 11. O-O Bd6 12. a3 Nd7 13. Na4 Qe7 14.
b4 Nf6 15. Nd2 Ne4 16. Nxe4 Bxe4 17. Nc5 Qh4 18. g3 Qh3 19. Nxe4 dxe4 20. Bg4 1-0

[Event "*** SCC Grand Prix: Titled Tuesday Blitz"]
[Site "Chess.com"]
[Date "2020.06.02"]
[Round "2"]
[White "exoticprincess"]
[Black "x-3738459472"]
[Result "1-0"]
[WhiteElo "2820"]
[BlackElo "2528"]
[TimeControl "180+1"]
[EndTime "10:14:41 PDT"]
[Termination "exoticprincess won by resignation"]

1. d4 Nf6 2. c4 c5 3. d5 e5 4. Nc3 d6 5. e4 Be7 6. Bd3 Nbd7 7. Nge2 h5 8. O-O h4 9. Kh1 Nh5 10. a3 Bg5 11. b4 Qf6 12. Nb5 O-O 13. Bxg5 Qxg5 14.
Nxd6 Ndf6 15. Nxc8 Raxc8 16. f3 Qe3 17. Ra2 b5 18.
cxb5 c4 19. Bb1 h3 20. g3 c3 21. Qc1 Qb6 22. a4 a6 23. Bd3 axb5 24. Bxb5 Rc7 25. Rc2 Rfc8 26. Rxc3 Rxc3 27. Nxc3 Qd4 28. Ne2 Rxc1 29.
Nxd4 Rxf1+ 30. Bxf1 exd4 31. a5 Nd7 32. b5 Nhf6 33.
b6 Ne8 34. Bb5 1-0

[Event "*** SCC Grand Prix: Titled Tuesday Blitz"]
[Site "Chess.com"]
[Date "2020.06.02"]
[Round "2"]
[White "Rakesh"]
[Black "stanyga"]
[Result "0-1"]
[WhiteElo "2332"]
[BlackElo "2646"]
[TimeControl "180+1"]
[EndTime "10:14:41 PDT"]
[Termination "stanyga won by resignation"]

1. e4 c5 2. c3 Nf6 3. e5 Nd5 4.
d4 d6 5. Nf3 cxd4 6. Bc4 Nb6 7.
Bb3 Nc6 8. exd6 Qxd6 9. cxd4 Be6 10. O-O Bxb3 11. axb3 e6 12. Nc3 Be7 13. Nb5 Qd7 14.
Ne5 Nxe5 15. dxe5 Qxb5 16. Qg4 Qxe5 17. Bf4 Qf6 18. Be3 O-O 19. h4 Qxh4 20. Qf3 Nd5 21. Ra4 Qf6 22. Qg3 Nxe3 23. fxe3 Qxb2 24. Rg4 Rac8 25. Rf2 Qa1+ 26. Kh2 Rc1 27. Qf4 f5 28. Qg3 0-1

[Event "*** SCC Grand Prix: Titled Tuesday Blitz"]
[Site "Chess.com"]
[Date "2020.06.02"]
[Round "2"]
[White "JulAnt"]
[Black "SophieNikoladze"]
[Result "1-0"]
[WhiteElo "2402"]
[BlackElo "2152"]
[TimeControl "180+1"]
[EndTime "10:14:41 PDT"]
[Termination "JulAnt won by checkmate"]

1. e4 d6 2. d4 Nf6 3. Nc3 e5 4. Nf3 exd4 5. Qxd4 Be7 6. Be3 Nc6 7. Bb5 Bd7 8. Qd2 O-O 9. O-O-O a6 10. Bd3 b5 11.
h3 b4 12. Nd5 Nxd5 13. exd5 Ne5 14. Nxe5 dxe5 15. g4 Qc8 16. Kb1 f6 17. f4 Bd6 18.
Rdf1 exf4 19. Bxf4 a5 20. Rhg1 Rb8 21. g5 f5 22. g6 Bxf4 23. Qxf4 h6 24. Bc4 Kh8 25. Re1 Rf6 26. Re7 Rbb6 27. d6 Rbxd6 28. Qxh6+ gxh6 29. g7+ Kh7 30. g8=Q# 1-0

[Event "*** SCC Grand Prix: Titled Tuesday Blitz"]
[Site "Chess.com"]
[Date "2020.06.02"]
[Round "2"]
[White "tgpgoat"]
[Black "AbdulovOrkhan"]
[Result "0-1"]
[WhiteElo "2093"]
[BlackElo "2384"]
[TimeControl "180+1"]
[EndTime "10:14:45 PDT"]
[Termination "AbdulovOrkhan won by resignation"]

1. e4 g6 2. d4 Bg7 3. Nc3 c6 4. Be3 d5 5. exd5 cxd5 6. Bd3 Nc6 7. Nf3 h5 8. Ne2 Nh6 9. c3 Nf5 10. Bg5 O-O 11. Ng3 Nxg3 12. hxg3 Qc7 13. Qc2 e5 14. dxe5 Nxe5 15. Nxe5 Qxe5+ 16. Be3 Bh6 17. Qd2 Re8 18.
Ke2 Bg4+ 0-1

[Event "*** SCC Grand Prix: Titled Tuesday Blitz"]
[Site "Chess.com"]
[Date "2020.06.02"]
[Round "2"]
[White "Ginzburg_Yakov"]
[Black "btmilhome"]
[Result "1-0"]
[WhiteElo "2338"]
[BlackElo "1757"]
[TimeControl "180+1"]
[EndTime "10:14:46 PDT"]
[Termination "Ginzburg_Yakov won by resignation"]

1. e4 e6 2. d4 d5 3. Nc3 Nf6 4. Bg5 Be7 5. e5 Nfd7 6. h4 a6 7. Qg4 O-O 8. Bh6 g6 9. Bxf8 Bxf8 10. h5 c5 11. hxg6 hxg6 12. Bd3 Bg7 13. Bxg6 fxg6 14. Qxe6+ Kf8 15. Qd6+ Qe7 16. Qxe7+ Kxe7 17. Nxd5+ Kf8 18. e6 Nf6 19. Nb6 1-0

[Event "*** SCC Grand Prix: Titled Tuesday Blitz"]
[Site "Chess.com"]
[Date "2020.06.02"]
[Round "2"]
[White "Perecke"]
[Black "Crazy_girl99"]
[Result "0-1"]
[WhiteElo "2169"]
[BlackElo "2418"]
[TimeControl "180+1"]
[EndTime "10:14:49 PDT"]
[Termination "Crazy_girl99 won by resignation"]

1. e4 e5 2. Nf3 Nc6 3. d4 exd4 4. Bc4 Bc5 5. c3 Nf6 6. cxd4 Bb4+ 7. Bd2 Bxd2+ 8. Nbxd2 d5 9. exd5 Nxd5 10. O-O O-O 11. h3 Nb6 12. d5 Ne7 13. Bd3 Nbxd5 14. Ne4 Nf4 15. Bc2 Bf5 16. Qe1 Re8 17. Rd1 Ned5 18. Qe2 Nxe2+ 0-1

[Event "*** SCC Grand Prix: Titled Tuesday Blitz"]
[Site "Chess.com"]
[Date "2020.06.02"]
[Round "2"]
[White "Mizner"]
[Black "ItsCheckM8Mate"]
[Result "1-0"]
[WhiteElo "2493"]
[BlackElo "2270"]
[TimeControl "180+1"]
[EndTime "10:14:56 PDT"]
[Termination "Mizner won by resignation"]

1. d4 Nf6 2. c4 e6 3. Nc3 Bb4 4. Qc2 d5 5. cxd5 exd5 6. Bg5 h6 7. Bh4 c5 8. dxc5 g5 9. Bg3 Nc6 10. O-O-O Qa5 11. a3 Bxc5 12. e4 d4 13. Nb5 O-O 14. Qxc5 Be6 15. Bc7 Qa4 16. Nxd4 Nxd4 17. Rxd4 Qb3 18.
Bc4 Bxc4 19. Qxc4 1-0

[Event "*** SCC Grand Prix: Titled Tuesday Blitz"]
[Site "Chess.com"]
[Date "2020.06.02"]
[Round "2"]
[White "sergeikim"]
[Black "platy3"]
[Result "0-1"]
[WhiteElo "2477"]
[BlackElo "2723"]
[TimeControl "180+1"]
[EndTime "10:14:58 PDT"]
[Termination "platy3 won by resignation"]

1. d4 Nf6 2. c4 e6 3. Nc3 Bb4 4. Qc2 d5 5. a3 Bxc3+ 6. Qxc3 c5 7. e3 cxd4 8. exd4 O-O 9. Nf3 h6 10. Bd3 dxc4 11. Bxc4 b6 12. O-O Bb7 13. Rd1 Nbd7 14. Ba2 Rc8 15. Qe3 Nd5 16. Qe2 Qf6 17. Ne5 Rfd8 18.
Bd2 Nxe5 19. dxe5 Qg6 20. Qf3 Nc3 21. Qxb7 Nxd1 22. Bb1 Qg4 23. h3 Qd4 0-1

[Event "*** SCC Grand Prix: Titled Tuesday Blitz"]
[Site "Chess.com"]
[Date "2020.06.02"]
[Round "2"]
[White "Kirill_Klukin"]
[Black "kingofthenil"]
[Result "1-0"]
[WhiteElo "2718"]
[BlackElo "2471"]
[TimeControl "180+1"]
[EndTime "10:14:59 PDT"]
[Termination "Kirill_Klukin won on time"]

1. d4 Nf6 2. Nf3 c5 3. e3 d5 4.
Be2 Nc6 5. O-O Bg4 6. a3 cxd4 7. exd4 e6 8. c3 Bd6 9. Bg5 h6 10. Bh4 O-O 11. Nbd2 Be7 12. Re1 Nd7 13. Bg3 Rc8 14. h3 Bh5 15. Nf1 Nb6 16. Ne3 Na5 17. Ne5 Bxe2 18. Qxe2 Nac4 19. N3xc4 Nxc4 20. Nd3 Bd6 21. f4 Qb6 22. Kh2 a6 23. Rf1 1-0

[Event "*** SCC Grand Prix: Titled Tuesday Blitz"]
[Site "Chess.com"]
[Date "2020.06.02"]
[Round "2"]
[White "Siemba"]
[Black "rugbyclub"]
[Result "1-0"]
[WhiteElo "2386"]
[BlackElo "2099"]
[TimeControl "180+1"]
[EndTime "10:15:01 PDT"]
[Termination "Siemba won by checkmate"]

1. d4 d5 2. c4 e6 3. Nf3 c6 4.
g3 dxc4 5. Bg2 Nf6 6. Nc3 b5 7. Ne5 Nd5 8. O-O Bb7 9. a4 a6 10. e4 Nxc3 11. bxc3 Be7 12. Be3 Nd7 13. f4 Nxe5 14. fxe5 O-O 15. Qg4 Re8 16. Bh6 Bf8 17. Rxf7 Kxf7 18. Rf1+ Ke7 19. Bg5+ Kd7 20. Bxd8 Raxd8 21.
Rf7+ Kc8 22. axb5 cxb5 23. Qd1 b4 24. Qa4 b3 25. Qxc4+ Kb8 26. Qc7+ Ka8 27. Qxb7# 1-0

[Event "*** SCC Grand Prix: Titled Tuesday Blitz"]
[Site "Chess.com"]
[Date "2020.06.02"]
[Round "2"]
[White "Machidon"]
[Black "Kobalia"]
[Result "0-1"]
[WhiteElo "2510"]
[BlackElo "2770"]
[TimeControl "180+1"]
[EndTime "10:15:03 PDT"]
[Termination "Kobalia won by resignation"]

1. d4 Nf6 2. c4 g6 3. Nc3 Bg7 4.
e4 O-O 5. Be2 d6 6. Nf3 e5 7. d5 Na6 8. Bg5 h6 9. Bh4 Qe8 10. Nd2 Nh7 11. O-O f5 12. f3 f4 13.
Bf2 g5 14. Rb1 h5 15. b4 Qg6 16. c5 g4 17. Bh4 Bf6 18. Qe1 Kh8 19. Nc4 Rg8 20.
cxd6 cxd6 21. Nb5 g3 22. hxg3 Bxh4 0-1

[Event "*** SCC Grand Prix: Titled Tuesday Blitz"]
[Site "Chess.com"]
[Date "2020.06.02"]
[Round "2"]
[White "GMJustin"]
[Black "Fusikk"]
[Result "0-1"]
[WhiteElo "2298"]
[BlackElo "2598"]
[TimeControl "180+1"]
[EndTime "10:15:03 PDT"]
[Termination "Fusikk won on time"]

1. e4 e5 2. Bc4 Nf6 3. Qf3 Nc6 4.
Ne2 d6 5. O-O Bg4 6. Qe3 d5 7.
exd5 Nxd5 8. Qb3 Bxe2 9. Bxd5 Nd4 10. Bxf7+ Ke7 11. Qe3 Kxf7 12. c3 Bxf1 13. cxd4 Bc4 14.
dxe5 Qd3 0-1

[Event "*** SCC Grand Prix: Titled Tuesday Blitz"]
[Site "Chess.com"]
[Date "2020.06.02"]
[Round "2"]
[White "Torrentec"]
[Black "MishkaFighter"]
[Result "1-0"]
[WhiteElo "2317"]
[BlackElo "2588"]
[TimeControl "180+1"]
[EndTime "10:15:05 PDT"]
[Termination "Torrentec won by checkmate"]

1. e4 Nf6 2. e5 Ne4 3. Nc3 d5 4. Nf3 c5 5. Bb5+ Nc6 6. d4 cxd4 7. Nxd4 Nxc3 8. bxc3 Bd7 9. O-O e6 10. Re1 Rc8 11.
Qg4 Nxd4 12. Bxd7+ Qxd7 13. cxd4 Rxc2 14. Be3 g6 15. h4 Be7 16. h5 O-O 17. Bh6 Rfc8 18. Re3 Qb5 19. Rf3 Rc1+ 20. Bxc1 Qe2 21. Be3 Qb2 22. Rf1 Qxa2 23. Bh6 Qa4 24. Qf4 Qe8 25. Bg5 Bb4 26. hxg6 hxg6 27. g3 a5 28. Bf6 Bf8 29.
Qh4 Bg7 30. Bxg7 Kxg7 31. Qf6+ Kg8 32. Kg2 Qd8 33. Qxf7+ Kh8 34. Rh1+ Qh4 35. Rxh4# 1-0

[Event "*** SCC Grand Prix: Titled Tuesday Blitz"]
[Site "Chess.com"]
[Date "2020.06.02"]
[Round "2"]
[White "Gerodot71"]
[Black "Storchnoi"]
[Result "1-0"]
[WhiteElo "2366"]
[BlackElo "2031"]
[TimeControl "180+1"]
[EndTime "10:15:10 PDT"]
[Termination "Gerodot71 won by resignation"]

1. d4 Nf6 2. c4 e6 3. Nf3 d5 4. g3 Be7 5. Bg2 O-O 6. O-O dxc4 7. Qc2 a6 8. a4 Bd7 9. Qxc4 Bc6 10. Bf4 Nd5 11. Qc1 Nxf4 12. Qxf4 Nd7 13. Nc3 Nf6 14. Rac1 h6 15. Rfd1 Bd6 16. Ne5 Bxg2 17.
Kxg2 Qe7 18. Qf3 c6 19. Nc4 Bc7 20. e3 Rad8 21. Rb1 b5 22. Nd2 b4 23. Nce4 Nxe4 24.
Nxe4 Bb6 25. Rbc1 f5 26. Nc5 Bxc5 27. Rxc5 Rd6 28. Rxc6 Qd7 29. Rdc1 Rd8 30. Rc7 Qxa4 31. Qb7 R6d7 32. R1c6 a5 33. Rxd7 1-0

[Event "*** SCC Grand Prix: Titled Tuesday Blitz"]
[Site "Chess.com"]
[Date "2020.06.02"]
[Round "2"]
[White "atwalcb"]
[Black "zurzan"]
[Result "1-0"]
[WhiteElo "2347"]
[BlackElo "1914"]
[TimeControl "180+1"]
[EndTime "10:15:12 PDT"]
[Termination "atwalcb won by resignation"]

1. d4 d6 2. e4 Nf6 3. Nc3 Nbd7 4. f4 e5 5. Nf3 exd4 6. Qxd4 c6 7. Bd2 d5 8. exd5 Bc5 9. Qd3 O-O 10. O-O-O Nb6 11.
dxc6 Qxd3 12. Bxd3 bxc6 13. Ne5 Nbd5 14. Nxd5 cxd5 15.
h3 Bb7 16. g4 Ne4 17. Nd7 Nxd2 18. Nxc5 Ne4 19. Bxe4 dxe4 20. Nxb7 Rab8 21. Nd6 e3 22. Rhe1 Rb6 23. Rxe3 Rd8 24. Red3 Rdb8 25. Nc4 Rb4 26. Rd8+ 1-0

[Event "*** SCC Grand Prix: Titled Tuesday Blitz"]
[Site "Chess.com"]
[Date "2020.06.02"]
[Round "2"]
[White "Ali_rastbod"]
[Black "PredragNikac"]
[Result "1-0"]
[WhiteElo "2652"]
[BlackElo "2359"]
[TimeControl "180+1"]
[EndTime "10:15:14 PDT"]
[Termination "Ali_rastbod won by resignation"]

1. c4 g6 2. d4 Bg7 3. Nf3 f5 4. g3 Nf6 5. Bg2 O-O 6. O-O d6 7. Nc3 h6 8. d5 g5 9. Nd4 Qe8 10. e4 fxe4 11. Nxe4 Nxe4 12. Bxe4 c5 13. Nb5 Na6 14. Re1 Bf5 15. Bxf5 Rxf5 16. Nxd6 exd6 17. Rxe8+ Rxe8 18. Be3 b6 19. Qa4 Rxe3 20. fxe3 Nb4 21. Rf1 Re5 22. Qxa7 Rxe3 23. Qxb6 Bd4 24. Kh1 Nd3 25.
Qxd6 Kg7 26. Qf8+ Kh7 27. Qf7+ Kh8 28. Qg6 Bg7 29. d6 Ne5 30. Qe8+ Kh7 31. d7 Ng4 32.
d8=Q 1-0

[Event "*** SCC Grand Prix: Titled Tuesday Blitz"]
[Site "Chess.com"]
[Date "2020.06.02"]
[Round "2"]
[White "TigranMukhutdinov"]
[Black "XDPS"]
[Result "0-1"]
[WhiteElo "2454"]
[BlackElo "2683"]
[TimeControl "180+1"]
[EndTime "10:15:15 PDT"]
[Termination "XDPS won by resignation"]

1. Nf3 d5 2. g3 Bg4 3. Bg2 Nf6 4. O-O e6 5. d4 Bd6 6. Nbd2 O-O 7. Re1 c6 8. e4 Nxe4 9. Nxe4 dxe4 10. Rxe4 Bxf3 11. Bxf3 Nd7 12. c3 Nf6 13. Re1 Re8 14. Qb3 Qc7 15. Bg5 Nd7 16. Rad1 h6 17. Bc1 a5 18. a4 Nf6 19. Bg2 Rab8 20. c4 Bb4 21. Bd2 Bxd2 22. Rxd2 Red8 23. Red1 Rd7 24. Qc3 Rbd8 25. f4 Qb6 26. c5 Qb4 27. Qxb4 axb4 28. h3 Ra8 29. b3 Nd5 30. Bxd5 Rxd5 31. Kf2 Rad8 32. Ke3 f6 33.
Rc1 e5 34. fxe5 fxe5 35. Rcd1 exd4+ 36. Rxd4 Re8+ 37. Kf3 Rxc5 38. Rxb4 Rc3+ 39. Kf2 Ree3 40. Rxb7 Rf3+ 41. Ke2 Rxg3 42. Rd8+ Kh7 43. Rdd7 Rc2+ 44. Kd1 Ra2 0-1

[Event "*** SCC Grand Prix: Titled Tuesday Blitz"]
[Site "Chess.com"]
[Date "2020.06.02"]
[Round "2"]
[White "Zkid"]
[Black "dpopadic"]
[Result "1-0"]
[WhiteElo "2761"]
[BlackElo "2326"]
[TimeControl "180+1"]
[EndTime "10:15:15 PDT"]
[Termination "Zkid won by resignation"]

1. e4 c5 2. Nf3 Nc6 3. Bb5 g5 4. Nxg5 Nf6 5. d3 Nd4 6. Bc4 d5 7. exd5 b5 8. Bb3 Rg8 9. Nc3 h6 10. Nge4 Nxb3 11. axb3 Nxe4 12. dxe4 Rxg2 13. Nxb5 a6 14.
Bf4 axb5 15. Rxa8 Bg7 16. Qd3 Qd7 17. Bg3 Kd8 18. Qf3 Qh3 19. Qxf7 Bxb2 20. Qf8+ 1-0

[Event "*** SCC Grand Prix: Titled Tuesday Blitz"]
[Site "Chess.com"]
[Date "2020.06.02"]
[Round "2"]
[White "BakaPG"]
[Black "vanyakuba"]
[Result "1-0"]
[WhiteElo "2686"]
[BlackElo "2456"]
[TimeControl "180+1"]
[EndTime "10:15:16 PDT"]
[Termination "BakaPG won by resignation"]

1. e4 d5 2. exd5 Qxd5 3. Nc3 Qa5 4. d4 Nf6 5. Nf3 Bg4 6. h3 Bh5 7. g4 Bg6 8. Ne5 e6 9. h4 Bb4 10. h5 Be4 11. Rh3 Nbd7 12. Nc4 Qa6 13. Bd2 Bxc3 14.
Rxc3 Bd5 15. Bf4 Bxc4 16. Bxc4 Qc6 17. d5 exd5 18. Re3+ Kd8 19. Be2 d4 20. Qxd4 Qh1+ 21. Bf1 1-0

[Event "*** SCC Grand Prix: Titled Tuesday Blitz"]
[Site "Chess.com"]
[Date "2020.06.02"]
[Round "2"]
[White "MomchilPetkov"]
[Black "goldenpuppy"]
[Result "1-0"]
[WhiteElo "2543"]
[BlackElo "2211"]
[TimeControl "180+1"]
[EndTime "10:15:16 PDT"]
[Termination "MomchilPetkov won by resignation"]

1. d4 Nf6 2. c4 e6 3. Nc3 Bb4 4.
Bd2 O-O 5. Nf3 d5 6. e3 c5 7. a3 Bxc3 8. Bxc3 Ne4 9. Rc1 Nxc3 10. Rxc3 cxd4 11. Nxd4 Nc6 12. cxd5 Qxd5 13. Nxc6 Qxd1+ 14.
Kxd1 bxc6 15. Rxc6 Bb7 16. Rc7 Rfd8+ 17. Kc1 Be4 18.
f3 Rac8 19. Rxc8 Rxc8+ 20. Kd1 Bc2+ 21. Kd2 Bb3 22. Bd3 Kf8 23. Rc1 Rxc1 24. Kxc1 Ke7 25. Kd2 Kd6 26. Kc3 Bd5 27. h4 h6 28. b4 e5 29. Bc4 Bb7 30. Bxf7 g5 31. hxg5 hxg5 32. Bg6 g4 33. fxg4 Bxg2 34. g5 Ke6 35. Kc4 Bd5+ 36.
Kc5 Bb3 37. Bd3 Ba4 38. b5 Kd7 39. Kd5 1-0

[Event "*** SCC Grand Prix: Titled Tuesday Blitz"]
[Site "Chess.com"]
[Date "2020.06.02"]
[Round "2"]
[White "kleinebeer98"]
[Black "Majesth"]
[Result "1-0"]
[WhiteElo "2673"]
[BlackElo "2446"]
[TimeControl "180+1"]
[EndTime "10:15:17 PDT"]
[Termination "kleinebeer98 won by resignation"]

1. e4 e6 2. d4 d5 3. Nc3 dxe4 4. Nxe4 Nd7 5. Nf3 Ngf6 6. Nxf6+ Nxf6 7. Bd3 c5 8. Bg5 cxd4 9. O-O Bc5 10. Re1 h6 11.
Bh4 Qc7 12. Ne5 Bd6 13. Bb5+ Nd7 14. Qxd4 Bxe5 15. Rxe5 a6 16. Rxe6+ fxe6 17. Qxg7 1-0

[Event "*** SCC Grand Prix: Titled Tuesday Blitz"]
[Site "Chess.com"]
[Date "2020.06.02"]
[Round "2"]
[White "RestartingChess"]
[Black "Margarita2907"]
[Result "1-0"]
[WhiteElo "2482"]
[BlackElo "2068"]
[TimeControl "180+1"]
[EndTime "10:15:17 PDT"]
[Termination "RestartingChess won by checkmate"]

1. e4 c5 2. Nf3 d6 3. Bb5+ Bd7 4. c4 a6 5. Bxd7+ Nxd7 6. Nc3 g6 7. d3 Bg7 8. O-O e6 9. h3 Ne7 10. Be3 O-O 11. Qd2 Qc7 12. Bh6 Qc6 13. Bxg7 Kxg7 14. Rae1 b5 15. Qg5 Nc8 16. e5 Ncb6 17. b3 d5 18. cxd5 Nxd5 19. Ne4 Nb4 20. Nf6 Nxd3 21. Nh5+ Kh8 22. Qh6 Rg8 23. Ng5 Nf8 24. Nxf7# 1-0

[Event "*** SCC Grand Prix: Titled Tuesday Blitz"]
[Site "Chess.com"]
[Date "2020.06.02"]
[Round "2"]
[White "jorquerino"]
[Black "gmcorrales"]
[Result "0-1"]
[WhiteElo "2326"]
[BlackElo "2757"]
[TimeControl "180+1"]
[EndTime "10:15:18 PDT"]
[Termination "gmcorrales won on time"]

1. e4 c5 2. Nc3 Nc6 3. g3 g6 4. d3 Bg7 5. Bg2 e6 6. Be3 b6 7. Qd2 Nd4 8. Nd1 Bb7 9. c3 Nc6 10.
Ne2 Nge7 11. Bh6 O-O 12. h4 Bxh6 13. Qxh6 f6 14. Qd2 d5 15. f4 dxe4 16. dxe4 Qc7 17.
Ne3 Rad8 18. Qc2 Ba6 19. Qb3 Na5 20. Qxe6+ Kg7 21. e5 f5 22. a4 Rd3 23. Kf2 c4 24. Rae1 Bc8 0-1